 Dungeon Crawl Stone Soup version 0.31.0-11-ge490571c62 (webtiles) character file.

Game seed: 1353487982434830595

204 fozzywoppz the Covered (level 5, -1/33 HPs)
             Began as a Gargoyle Fighter on Jan 30, 2024.
             Slain by Sigmund
             ... wielding a +0 scythe
              (4 damage)
             ... on level 3 of the Dungeon.
             The game lasted 00:03:32 (2251 turns).

fozzywoppz the Covered (Gargoyle Fighter)           Turns: 2251, Time: 00:03:32

Health: -1/33      AC: 11    Str: 20    XL:     5   Next: 82%
Magic:  5/5        EV:  9    Int:  8    God:
Gold:   89         SH:  4    Dex: 11    Spells: 4/4 levels left

rFire   . . .        a - +0 flail
rCold   . . .        c - +0 buckler
rNeg    + . .        b - +0 scale mail
rPois   ∞            (no helmet)
rElec   +            (no cloak)
rCorr   .            (no gloves)
SInv    .            (no boots)
Will    .....        (no amulet) Stlth
                     (no ring)
HPRegen 0.25/turn    (no ring)
MPRegen 0.09/turn

%: no passive effects
@: no status effects
A: sickness immunity, AC +4, negative energy resistance 1, electricity
resistance, torment resistance 1, petrification resistance
a: no special abilities


You were on level 3 of the Dungeon.
You visited 1 branch of the dungeon, and saw 3 of its levels.

You collected 89 gold pieces.

Inventory:

Hand Weapons
 a - a +0 flail (weapon)
Missiles
 g - 3 boomerangs (quivered)
 n - 3 javelins
Armour
 b - a +0 scale mail (worn)
 c - a +0 buckler (worn)
Jewellery
 i - a +4 ring of slaying
Scrolls
 e - a scroll of vulnerability {unknown}
 h - 3 scrolls of identify {unknown}
 j - a scroll of immolation {unknown}
 k - 2 scrolls of noise {unknown}
 l - a scroll of teleportation {unknown}
 m - a scroll of blinking {unknown}
 o - 3 scrolls of torment {unknown}
Potions
 d - a potion of might


   Skills:
 + Level 3.9 Fighting
 + Level 4.1 Maces & Flails
 + Level 4.2 Armour
 + Level 1.0 Dodging
 + Level 4.0 Shields


You had 4 spell levels left.
You didn't know any spells.
Your spell library contained the following spells:

 Spells                   Type           Power      Damage    Failure   Level
 Hailstorm                Conj/Ice       0%         3d5       99%         3
 Summon Ice Beast         Ice/Summ       0%         N/A       99%         3
 Sculpt Simulacrum        Ice/Alch       0%         N/A       100%        6


Dungeon Overview and Level Annotations

Branches:
Dungeon (3/15)

Altars:

Annotations:
D:1 2 transporters
D:3 Sigmund


Innate Abilities, Weirdness & Mutations

You are immune to sickness and miasma.
Your stone body is resilient. (AC +4)
You are immune to poison.
You resist negative energy. (rN+)
You are resistant to electric shocks. (rElec)
You are resistant to unholy torment.
You are immune to petrification.


Message History

Something hits you.
You are too confused!
Okay, then.
You bump into the rock wall.
Something hits you.
* * * LOW HITPOINT WARNING * * *
Items here: ! )))) †††.
You bump into the rock wall.
You feel less confused.
Sigmund appears from thin air!
Reactivating autopickup.
You block Sigmund's attack.
You hit Sigmund.
Sigmund is heavily wounded.
You closely miss Sigmund.
Sigmund is heavily wounded.
You block Sigmund's attack.
You hit Sigmund.
Sigmund is heavily wounded.
Sigmund hits you with a +0 scythe.
* * * LOW HITPOINT WARNING * * *
You hit Sigmund.
Sigmund is severely wounded.
Sigmund's eyes start glowing with a red light.
Sigmund points at you and mumbles some strange words.
The puff of flame hits you!
* * * LOW HITPOINT WARNING * * *
You closely miss Sigmund.
Sigmund is severely wounded.
Sigmund closely misses you.
You hit Sigmund but do no damage.
Sigmund is severely wounded.
Sigmund says, "You will soon forget everything."
Sigmund casts a spell.
Sigmund flickers and vanishes!
Deactivating autopickup; reactivate with Ctrl-A.
You barely miss something. Something hits you.
* * * LOW HITPOINT WARNING * * *
You hit something but do no damage. Something hits you.
You die...

#.# #.# #.#
#.######## ##
#......... ...
#..####### ..#
#..# ...#
#..######....#
#......@{....#
#.########.###
## #.. .. ###
.. ..... ..
#...# ## #..
#...# #. #..#
#...# #. #.#
#..# #...# #.


There were no monsters in sight!

Vanquished Creatures
  A bombardier beetle (D:3)
  An orc priest (D:3)
  An orc wizard (D:2)
  3 adders
  4 dart slugs
  8 orcs
  3 bats
  5 endoplasms
  4 giant cockroaches
  7 goblins
  7 hobgoblins
  3 jackals (D:2)
  2 quokkas (D:1)
  8 ball pythons
  7 frilled lizards
  4 kobolds (D:1)
  8 rats
76 creatures vanquished.

Notes
Turn   | Place    | Note
-------+----------+-------------------------------------------
     0 | D:1      | fozzywoppz the Gargoyle Fighter began the quest for the
                  | Orb.
     0 | D:1      | Reached XP level 1. HP: 14/14 MP: 1/1
    92 | D:1      | Reached XP level 2. HP: 13/19 MP: 2/2
   432 | D:1      | Reached XP level 3. HP: 20/23 MP: 3/3
  1238 | D:2      | Reached XP level 4. HP: 18/29 MP: 4/4
  1822 | D:3      | Reached XP level 5. HP: 33/33 MP: 5/5
  2203 | D:3      | Noticed Sigmund
  2222 | D:3      | Reached skill level 1 in Dodging
  2251 | D:3      | Slain by Sigmund

Illustrated notes

Levels and vault maps discovered:
D:1:      spicycebolla_arrival_transporter_tutorial, layout_loops_corners,
          hangedman_abyss_or_decor_stabs, ebering_dispersal_statue_hall,
          nicolae_figureground_sparkle
D:2:      layout_basic
D:3:      layout_basic, grunt_temple_overflow_open, uniq_sigmund

Skill      XL: |  1  2  3  4  5 |
---------------+----------------+-----
Maces & Flails | 3 4 |  4.1
Armour         | 4 |  4.2
Shields        | 4 |  4.0
Dodging        | 1 |  1.0
Fighting       | |  3.9

Action                     |  1- 3 |  4- 6 || total
---------------------------+-------+-------++-------
  Melee: Flail             |   127 |   123 ||   250
    Use: Potion            |       |     1 ||     1
 Armour: Scale mail        |    98 |   104 ||   202
  Dodge: Dodged            |    70 |    47 ||   117
  Block: Buckler           |    33 |    26 ||    59
